 Dungeon Crawl Stone Soup version 0.27-a0-660-g90476cec82 (webtiles) character file.

Game seed: 7858825350865308214

329 spiderkeys the Poker (level 6, -1/55 HPs)
             Began as a Palentonga Berserker on Mar 17, 2021.
             Was a Priest of Trog.
             Killed from afar by an orc wizard (8 damage)
             ... with a puff of flame
             ... on level 4 of the Dungeon.
             The game lasted 00:04:02 (3341 turns).

spiderkeys the Poker (Palentonga Berserker)         Turns: 3341, Time: 00:04:02

Health: -1/55      AC:  5    Str: 22      XL:     6   Next: 25%
Magic:  6/6        EV: 10    Int:  8      God:    Trog [***...]
Gold:   278        SH:  0    Dex:  8 (9)  Spells: 5/5 levels left

rFire    . . .     SeeInvis +   a - +0 spear
rCold    . . .     Faith    .   (no shield)
rNeg     . . .     Spirit   .   b - +0 animal skin
rPois    .         Reflect  .   (no helmet)
rElec    .         Harm     .   (no cloak)
rCorr    .         Rampage  .   p - +0 pair of gloves
Will     .....                  (no barding)
Stlth    +.........             (no amulet)
HPRegen  0.18/turn              (no ring)
MPRegen  0.10/turn              (no ring)

@: berserk cooldown, slowed, very slow
A: large, rugged brown scales 3, see invisible, deformed body, roll 1, armoured
tail
a: Rolling Charge, Renounce Religion, Berserk, Trog's Hand


You were on level 4 of the Dungeon.
You worshipped Trog.
Trog was most pleased with you.
You visited 1 branch of the dungeon, and saw 4 of its levels.

You collected 278 gold pieces.

Inventory:

Hand Weapons
 a - a +0 spear (weapon)
Armour
 b - a +0 animal skin (worn)
 m - a +0 plate armour
 p - a +0 pair of gloves (worn)
Jewellery
 o - a ring of ice
Scrolls
 c - a scroll of immolation {unknown}
 d - a scroll of amnesia {unknown}
 e - a scroll of fog {unknown}
 g - a scroll of magic mapping {unknown}
 j - 4 scrolls of identify {unknown}
 k - a scroll of fear {unknown}
 n - a scroll of enchant weapon {unknown}
Potions
 f - a potion of degeneration {unknown}
 h - a potion of flight {unknown}
 i - a potion of mutation {unknown}
 l - a potion of haste {unknown}
 q - a potion of heal wounds {unknown}
 r - 2 potions of brilliance {unknown}


   Skills:
 + Level 4.1 Fighting
 * Level 4.5 Polearms
 + Level 2.8 Armour
 + Level 2.7 Dodging


You had 5 spell levels left.
You didn't know any spells.
Your spell library contained the following spells:

 Spells                   Type           Power      Damage    Failure   Level
 Beastly Appendage        Tmut           0%         N/A       41%         1
 Wereblood                Tmut           0%         N/A       54%         2
 Spider Form              Tmut/Pois      0%         N/A       78%         3
 Ice Form                 Ice/Tmut       0%         N/A       99%         4
 Blade Hands              Tmut           0%         N/A       100%        5


Dungeon Overview and Level Annotations

Branches:
Dungeon (4/15)             Temple (0/1) D:4

Altars:
Qazlal
Sif Muna
Xom


Innate Abilities, Weirdness & Mutations

You are completely covered in rugged brown scales. (AC +3, +7% HP)
You have supernaturally acute eyesight. (SInv)
Armour fits poorly on your strangely shaped body.
You can roll at nearby foes to attack.
You have a long armoured tail.


Message History

You puncture the ogre!
You kill the ogre!
Trog accepts your kill.
You feel your dexterity returning.
You have reached level 6!
Your experience leads to an increase in your attributes!
Your base attributes are Str 21, Int 8, Dex 9.
Increase (S)trength, (I)ntelligence, or (D)exterity?
You feel stronger.
You closely miss the orc. You tail-slap the orc!
You kill the orc!
Trog accepts your kill.
An orc wizard comes into view. It is wielding a +0 dagger.
The orc wizard shouts!
You hear a shout!
Items here: )) [ †.
You feel a strong urge to attack something.
An orc comes into view. It is wielding a +0 dagger.
An orc comes into view. It is wielding a +0 flail.
You are no longer berserk.
You are exhausted.
You feel yourself slow down.
The orc shouts!
The orc moves out of view.
You hit the orc wizard but do no damage.
Your tail-slap misses the orc wizard.
The orc wizard hits you with a +0 dagger.
You barely miss the orc wizard.
Your tail-slap misses the orc wizard.
The orc wizard hits you with a +0 dagger.
* * * LOW HITPOINT WARNING * * *
You closely miss the orc. The orc hits you with a +0 flail.
* * * LOW HITPOINT WARNING * * *
Items here: )) [ †.
The orc hits you with a +0 flail.
* * * LOW HITPOINT WARNING * * *
The orc hits you with a +0 flail!
* * * LOW HITPOINT WARNING * * *
The orc wizard points at you and mumbles some strange words.
The puff of flame hits you!
You die...

#####.#...###....#
#.###...>....#
#.#####......#
#)..###.##.#.#
#......).# ..
#.)8.8.8.# ##
#..⌠.⌠.⌠.#
#........#.#
#.##.@.....# #.
#o....#.# #
#o##......
#.##.#.#### #o#
.#.# #.#..#.#
#...#. #.### #.#


You could see an orc wizard and 2 orcs.

Vanquished Creatures
  2 ogres (D:4)
  A quasit (D:3)
  An orc wizard (D:4)
  3 adders (D:3)
  A worm (D:2)
  2 dart slugs
  2 leopard geckos
  5 orcs
  2 giant cockroaches
  6 goblins
  10 hobgoblins
  2 jackals (D:1)
  9 kobolds
  6 quokkas
  7 bats
  3 frilled lizards
  5 rats
67 creatures vanquished.

Notes
Turn   | Place    | Note
-------+----------+-------------------------------------------
     0 | D:1      | spiderkeys the Palentonga Berserker began the quest for the
                  | Orb.
     0 | D:1      | Reached XP level 1. HP: 20/20 MP: 1/1
   171 | D:1      | Reached XP level 2. HP: 19/27 MP: 2/2
   804 | D:1      | Reached ** piety under Trog
  1176 | D:2      | Reached XP level 3. HP: 33/33 MP: 3/3
  1283 | D:2      | Found a shimmering altar of Xom.
  1415 | D:2      | You fall into a shaft and drop 1 floor!
  1913 | D:3      | Reached XP level 4. HP: 33/40 MP: 4/4
  2019 | D:3      | Found a shimmering blue altar of Sif Muna.
  2811 | D:3      | Found a stormy altar of Qazlal.
  2851 | D:3      | Reached XP level 5. HP: 32/49 MP: 5/5
  3223 | D:4      | Found a staircase to the Ecumenical Temple.
  3223 | D:4      | Noticed an ogre
  3229 | D:4      | Killed an ogre
  3316 | D:4      | Noticed an ogre
  3324 | D:4      | Reached *** piety under Trog
  3328 | D:4      | Killed an ogre
  3329 | D:4      | Reached XP level 6. HP: 35/55 MP: 6/6
  3341 | D:4      | Killed from afar by an orc wizard

Illustrated notes

Levels and vault maps discovered:
D:1:      scummos_arrival_checkerplants, layout_basic
D:2:      layout_loops_ring, chequers_ecumenical_altar_island,
          chequers_serial_rivers_large_a, tgw_xom
D:3:      layout_basic, lemuel_doored_altar, lemuel_crystal_altar
D:4:      layout_rooms, minmay_temple_entry_drinking_statues,
          nicolae_ossuary_entry_plus, ebering_ghost_disaster_area,
          uniq_crazy_yiuf_cottage, uniq_menkaure, uniq_robin

Skill      XL: |  1  2  3  4  5 |
---------------+----------------+-----
Polearms       | 3 4 |  4.5
Armour         | 2 |  2.8
Dodging        | 2 |  2.7
Fighting       | 4 |  4.1

Action                   |  1- 3 |  4- 6 || total
-------------------------+-------+-------++-------
Melee: Spear             |   148 |   102 ||   250
       Tailslap          |    14 |     8 ||    22
Invok: Berserk           |     1 |     2 ||     3
 Stab: Sleeping          |       |     1 ||     1
Armor: Animal skin       |    33 |    45 ||    78
Dodge: Dodged            |    48 |    46 ||    94

Table legend: (Time is in decaauts)
 A = Elapsed time spent in this place.
 B = Non-inter-level travel time spent in this place.
 C = Inter-level travel time spent in this place.
 D = Time resting spent in this place.
 E = Time spent auto-exploring this place.
 F = Levels seen in this place.
 G = Mean time per level.
                   A        B        C        D        E       F      G
               +--------+--------+--------+--------+--------+-----+--------+
         Total |   3349 |   3306 |     43 |    326 |   2533 |   4 |  837.2 |
       Dungeon |   3349 |   3306 |     43 |    326 |   2533 |   4 |  837.2 |
               +--------+--------+--------+--------+--------+-----+--------+

Top non-repeatable levels by time:
     D:3: 1796 daAuts
     D:1: 1096 daAuts
     D:2: 317 daAuts
     D:4: 138 daAuts
